 Dungeon Crawl Stone Soup version 0.27-a0-836-gfc908b8576 (webtiles) character file.

Game seed: 10416194097892416521

16 rageheart7 the Skirmisher (level 2, -1/20 HPs)
             Began as a Gargoyle Fighter on Mar 31, 2021.
             Slain by a gnoll
             ... wielding a +4 spear of freezing
              (3 damage)
             ... on level 2 of the Dungeon.
             The game lasted 00:00:56 (1035 turns).

rageheart7 the Skirmisher (Gargoyle Fighter)        Turns: 1035, Time: 00:00:57

Health: -1/20      AC:  9    Str: 19    XL:     2   Next: 58%
Magic:  2/2        EV:  7    Int:  8    God:
Gold:   45         SH:  9    Dex:  9    Spells: 1/1 levels left

rFire    . . .     SeeInvis .   a - +0 flail
rCold    . . .     Faith    .   c - +0 kite shield
rNeg     + . .     Spirit   .   b - +0 scale mail
rPois    ∞         Reflect  .   (no helmet)
rElec    +         Harm     .   (no cloak)
rCorr    .         Rampage  .   (no gloves)
Will     .....                  (no boots)
Stlth    ..........             (no amulet)
HPRegen  0.06/turn              (no ring)
MPRegen  0.08/turn              (no ring)

@: mighty
A: AC +2, negative energy resistance 1, electricity resistance, torment
resistance 1, unbreathing 1, petrification resistance
a: no special abilities


You were on level 2 of the Dungeon.
You visited 1 branch of the dungeon, and saw 2 of its levels.

You collected 45 gold pieces.

Inventory:

Hand Weapons
 a - a +0 flail (weapon)
Armour
 b - a +0 scale mail (worn)
 c - a +0 kite shield (worn)
Scrolls
 f - a scroll of amnesia {unknown}
 g - a scroll of torment {unknown}
 h - a scroll of blinking {unknown}
 i - a scroll of identify {unknown}
Potions
 e - a potion of degeneration {unknown}
 j - a potion of magic {unknown}


   Skills:
 * Level 3.8 Fighting
 * Level 2.6 Maces & Flails
 - Level 3.2 Armour
 - Level 3.2 Shields


You had one spell level left.
You didn't know any spells.
Your spell library was empty.

Dungeon Overview and Level Annotations

Branches:
Dungeon (2/15)

Altars:


Innate Abilities, Weirdness & Mutations

Your stone body is resilient. (AC +2)
You are immune to poison.
You resist negative energy. (rN+)
You are resistant to electric shocks. (rElec)
You are resistant to unholy torment.
You can survive without breathing.
You are immune to petrification.


Message History

The ball python hisses angrily.
You see here a yellow potion.
The ball python barely misses you. You block the ball python's attack.
A ball python is nearby!
You hit the ball python but do no damage.
The ball python closely misses you. The ball python grabs you.
The ball python constricts you.
The ball python bites you but does no damage.
The ball python constricts you.
A ball python is nearby!
You hit the ball python.
You kill the ball python!
No target in view!
No target in view!
No target in view!
HP restored.
j - a yellow potion No target in view! 3 gnolls come into view.
A gnoll is wielding a +4 spear of freezing.
The gnoll shouts! x2
A gnoll comes into view. It is wielding a +0 spear.
You block the gnoll's attack.
You barely miss the gnoll.
The gnoll shouts!
You hit the gnoll but do no damage. You block the gnoll's attack. x2
The gnoll barely misses you. x2
The gnoll barely misses you.
You feel very mighty all of a sudden. The gnoll hits you but does no damage.
You completely miss the gnoll. You block the gnoll's attack.
The gnoll hits you with a +0 club.
The gnoll hits you from afar with a +4 spear of freezing!
The gnoll freezes you.
You bludgeon the gnoll!!
You kill the gnoll!
The gnoll hits you from afar with a +4 spear of freezing.
* * * LOW HITPOINT WARNING * * *
The gnoll freezes you.
You die...

## .. .. #.
#g #.
#g########
#gg)@....#
########.#
#.#
###.#####.#
#.#
#.........#
#.#
#.#.#######
#.# #.#.# #.#
#.#.# #.#
##.#.#
##.#####....#


You could see 3 gnolls.

Vanquished Creatures
  A gnoll (D:2)
  2 bats (D:1)
  3 endoplasms (D:1)
  A goblin (D:1)
  2 hobgoblins (D:1)
  2 jackals (D:1)
  2 ball pythons (D:2)
  A frilled lizard (D:2)
14 creatures vanquished.

Notes
Turn   | Place    | Note
-------+----------+-------------------------------------------
     0 | D:1      | rageheart7 the Gargoyle Fighter began the quest for the
                  | Orb.
     0 | D:1      | Reached XP level 1. HP: 14/14 MP: 1/1
   221 | D:1      | Reached XP level 2. HP: 19/19 MP: 2/2
  1035 | D:2      | Slain by a gnoll

Illustrated notes

Levels and vault maps discovered:
D:1:      dpeg_arrival_arbitrary_a, layout_basic
D:2:      layout_loops_ring, hex_tiny

Action                   || total
-------------------------++-------
Melee: Flail             ||    33
  Use: Potion            ||     1
Armor: Scale mail        ||    18
Dodge: Dodged            ||    10
Block: Kite shield       ||    12

Table legend: (Time is in decaauts)
 A = Elapsed time spent in this place.
 B = Non-inter-level travel time spent in this place.
 C = Inter-level travel time spent in this place.
 D = Time resting spent in this place.
 E = Time spent auto-exploring this place.
 F = Levels seen in this place.
 G = Mean time per level.
                   A        B        C        D        E       F      G
               +--------+--------+--------+--------+--------+-----+--------+
         Total |   1052 |    991 |     61 |      0 |    898 |   2 |  526.0 |
       Dungeon |   1052 |    991 |     61 |      0 |    898 |   2 |  526.0 |
               +--------+--------+--------+--------+--------+-----+--------+

Top non-repeatable levels by time:
     D:1: 938 daAuts
     D:2: 114 daAuts
